 Dungeon Crawl Stone Soup version 0.22-a0-601-gb0ed703 (webtiles) character file.

170 Simmura the Digger (level 5, -7/28 HPs)
             Began as a Gargoyle Earth Elementalist on July 6, 2018.
             Mangled by an ogre
             ... wielding a +0 giant club
              (19 damage)
             ... on level 3 of the Dungeon.
             The game lasted 00:20:45 (3741 turns).

Simmura the Digger (Gargoyle Earth Elementalist)    Turns: 3741, Time: 00:20:45

Health: -7/28      AC:  9    Str: 12    XL:     5   Next: 50%
Magic:  1/9        EV: 12    Int: 16    God:
Gold:   170        SH:  0    Dex: 10    Spells: 4/10 levels left

rFire    + . .     SeeInvis .   w - +0 dagger (curse)
rCold    x . .     Gourm    .   (no shield)
rNeg     + . .     Faith    .   c - +0 robe
rPois    ∞         Spirit   .   (no helmet)
rElec    +         Reflect  .   x - +0 cloak
rCorr    .         Harm     .   i - +1 pair of gloves
MR       .....                  (no boots)
Stlth    ++........             (no amulet)
HPRegen  0.09/turn              y - ring of fire
MPRegen  0.11/turn              (no ring)

@: no status effects
A: negative energy resistance 1, electricity resistance, unbreathing,
petrification resistance, rot immunity, AC +4
a: no special abilities


You were on level 3 of the Dungeon.
You were hungry.

You visited 1 branch of the dungeon, and saw 4 of its levels.

You collected 170 gold pieces.

Inventory:

Hand Weapons
 w - a cursed +0 dagger (weapon)
Missiles
 v - 34 stones (quivered)
Armour
 c - a +0 robe (worn)
 i - a +1 pair of gloves (worn)
 x - a +0 cloak (worn)
Jewellery
 y - a ring of fire (left hand)
Scrolls
 b - a scroll of amnesia {unknown}
 e - 3 scrolls of remove curse
 f - 3 scrolls of teleportation
 h - 2 scrolls of enchant weapon {unknown}
 j - a scroll of fog {unknown}
 m - a scroll of immolation {unknown}
 o - a scroll of blinking
 s - a scroll of fear {unknown}
 u - 2 scrolls of enchant armour {unknown}
Potions
 a - a potion of invisibility {unknown}
 g - a potion of berserk rage {unknown}
 k - 2 potions of curing {unknown}
 n - 2 potions of heal wounds {unknown}
 p - a potion of might {unknown}
 q - 2 potions of lignification {unknown}
 r - 2 potions of brilliance {unknown}
 t - a potion of degeneration {unknown}
Comestibles
 d - 3 rations
 l - a chunk of flesh


   Skills:
 + Level 2.6 Dodging
 - Level 2.1 Stealth
 + Level 3.1 Spellcasting
 + Level 1.3 Conjurations
 - Level 1.3 Transmutations
 + Level 4.9 Earth Magic


You had 4 spell levels left.
You knew the following spells:

 Your Spells              Type           Power        Failure   Level  Hunger
a - Sandblast             Erth           ###...       2%          1    #......
b - Passwall              Tmut/Erth      ##......     8%          2    ##.....
c - Stone Arrow           Conj/Erth      ##....       16%         3    ###....

Your spell library contained the following spells:

 Spells                   Type           Power        Failure   Level  Hunger
 Lee's Rapid Deconstruct  Erth           ###.......   56%         5    ######.
 Petrify                  Tmut/Erth      ##......     45%         4    #####..


Dungeon Overview and Level Annotations

Branches:
Dungeon (4/15)
 Temple: D:4-7

Altars:
Kikubaaqudgha
Qazlal
Zin


Innate Abilities, Weirdness & Mutations

You are resistant to torment.
Your stone body is resilient. (AC +4)
You are immune to poison.
You resist negative energy. (rN+)
You are resistant to electric shocks. (rElec)
You can survive without breathing.
You are immune to petrification.
You are immune to rotting.


Message History

You hit the ogre but do no damage.
The ogre is severely wounded.
The jackal bites you but does no damage.
The ogre completely misses you.
The jackal bites you but does no damage.
You hit the ogre.
The ogre is severely wounded.
The jackal barely misses you. The ogre closely misses you.
You hit the ogre but do no damage.
The ogre is severely wounded.
The jackal barely misses you. The ogre closely misses you.
The jackal bites you but does no damage.
You hit the ogre.
The ogre is almost dead.
The jackal closely misses you.
You hit the ogre.
The ogre is almost dead.
The ogre hits you with a giant club!!
Ouch! That really hurt!
You die...

.###### #≈...≈# #..#
#.# .# #≈[..≈#
#..####.# # .#
###.### #.......# #
## #### #(# ##..###.#
# # #..# #.# #..# #.#
# #.## #.##
####..###.### #####
#.# #..#
#............ ....#
#.#
###.#####.##..###.###
###.#####.#
#...@O....#...###.# #
........#.#
#.#h######.....##.# #
###.###.#.# #.#.#
##.......# # ....#
#.#.###.#.# ##.######
# .#### #.#.......#
#.# .# #.#####.###
#.# .######.# ##.#
##'## [.......# #..#
##...## .########
#.### ##.....##


You could see an ogre and a jackal.

Vanquished Creatures
  An orc priest (D:3)
  3 adders (D:3)
  2 oozes (D:1)
  2 worms
  A dart slug (D:2)
  3 leopard geckos
  5 orcs (D:3)
  10 bats
  2 bat zombies (D:3)
  2 giant cockroaches
  11 goblins
  8 hobgoblins
  10 jackals
  A ball python (D:2)
  3 frilled lizards (D:1)
  13 kobolds
  6 rats
83 creatures vanquished.

Vanquished Creatures (others)
  A plant (D:2)
1 creature vanquished.

Grand Total: 84 creatures vanquished

Notes
Turn   | Place    | Note
-------+----------+-------------------------------------------
     0 | D:1      | Simmura the Gargoyle Earth Elementalist began the quest for the Orb.
     0 | D:1      | Reached XP level 1. HP: 10/10 MP: 3/3
   235 | D:1      | Reached XP level 2. HP: 15/15 MP: 3/5
   382 | D:1      | Reached skill level 4 in Earth Magic
   510 | D:1      | Learned a level 2 spell: Passwall
   631 | D:1      | Reached XP level 3. HP: 19/19 MP: 3/6
   766 | D:1      | Reached skill level 1 in Transmutations
  1604 | D:2      | Found a glowing silver altar of Zin.
  1630 | D:2      | Reached XP level 4. HP: 24/24 MP: 5/7
  2157 | D:3      | Learned a level 3 spell: Stone Arrow
  2195 | D:3      | Found a stormy altar of Qazlal.
  2535 | D:3      | Found an ancient bone altar of Kikubaaqudgha.
  2905 | D:3      | Reached XP level 5. HP: 28/28 MP: 5/9
  2916 | D:3      | Reached skill level 1 in Conjurations
  3714 | D:4      | Noticed an ogre
  3741 | D:3      | Mangled by an ogre

Vault maps used:
D:1:      wheals_arrival_linesprint, minmay_pentomino_u4
D:2:      wad_lake_hut, zin_scriptorium, serial_bayou_pond_b, st_stairs_8
D:3:      lemuel_zombie_altar_kikubaaqudgha, grunt_qazlal_clouds, first_ration,
          grunt_ministairs_9, minivault_25
D:4:      kennysheep_little_box, serial_forest, infiniplex_forest_3_way,
          infiniplex_forest_clump_double, infiniplex_forest_clump_tiny,
          infiniplex_forest_side_room, infiniplex_forest_corner_2,
          minmay_cupped, uniq_robin

Skill      XL: |  1  2  3  4  5 |
---------------+----------------+-----
Earth Magic    | 4 |  4.9
Dodging        | 2 |  2.6
Transmutations | 1 |  1.3
Spellcasting   | 3 |  3.1
Conjurations   | 1 |  1.3
Stealth        | |  2.1

Action                   |  1- 3 |  4- 6 || total
-------------------------+-------+-------++-------
Melee: Unarmed           |    10 |     1 ||    11
       Dagger            |       |   118 ||   118
 Cast: Sandblast         |    57 |    31 ||    88
       Stone Arrow       |       |    14 ||    14
  Use: Scroll            |     3 |       ||     3
 Stab: Sleeping          |       |     3 ||     3
  Eat: Chunk             |     3 |     8 ||    11
Armor: Robe              |    16 |    59 ||    75
Dodge: Dodged            |    31 |   121 ||   152

Table legend:
 A = Spawn XP
 B = Non-spawn XP
 C = Spawn XP percentage of total XP
 D = Spawn monster count
 E = Non-spawn monster count
 F = Spawn count percentage of total count
 G = Total turns spent on level
                    A         B        C        D         E        F      G
               +---------+---------+-------+---------+---------+-------+---------
         Total |       0 |     243 |   0.0 |       0 |      83 |   0.0 |  3741
               +---------+---------+-------+---------+---------+-------+---------
           D:1 |       0 |      49 |   0.0 |       0 |      24 |   0.0 |  1178
           D:2 |       0 |      47 |   0.0 |       0 |      22 |   0.0 |   923
           D:3 |       0 |     147 |   0.0 |       0 |      37 |   0.0 |  1607
               +---------+---------+-------+---------+---------+-------+---------
